 Dungeon Crawl Stone Soup version 0.27.1 (webtiles) character file.

Game seed: 2102829879070071250

5 porpoise the Skirmisher (level 1, -1/18 HPs)
             Began as a Formicid Abyssal Knight on Aug 31, 2021.
             Was a Follower of Lugonu.
             Slain by a kobold (8 damage)
             ... on level 1 of the Dungeon.
             The game lasted 00:01:54 (217 turns).

porpoise the Skirmisher (Formicid Abyssal Knight)    Turns: 217, Time: 00:01:55

Health: -1/18      AC:  3    Str: 16    XL:     1   Next: 88%
Magic:  2/2        EV: 11    Int: 11    God:    Lugonu [*.....]
Gold:   9          SH:  0    Dex: 10    Spells: 0/0 levels left

rFire    . . .     SeeInvis +   a - +1 spear
rCold    . . .     Faith    .   (no shield)
rNeg     . . .     Spirit   .   b - +0 leather armour
rPois    .         Reflect  .   (helmet unavailable)
rElec    .         Harm     .   (no cloak)
rCorr    .         Rampage  .   (no gloves)
Will     .....                  (no boots)
Stlth    +.........             (no amulet)
HPRegen  0.06/turn              (no ring)
MPRegen  0.08/turn              (no ring)

@: no status effects
A: permanent stasis, dig shafts and tunnels, antennae 3, four strong arms
a: Dig, Shaft Self, Renounce Religion, Depart the Abyss


You were on level 1 of the Dungeon.
You worshipped Lugonu.
Lugonu was aware of your devotion.
You visited 1 branch of the dungeon, and saw 1 of its levels.
You visited the Abyss 1 time.

You collected 9 gold pieces.

Inventory:

Hand Weapons
 a - a +1 spear (weapon)
Missiles
 c - 25 arrows
Armour
 b - a +0 leather armour (worn)
Scrolls
 d - a scroll of identify {unknown}


   Skills:
 + Level 3.5 Fighting
 - Level 2.0 Polearms
 - Level 2.1 Armour
 - Level 0.8 Dodging
 + Level 2.5 Invocations


You couldn't memorise any spells.
You didn't know any spells.
Your spell library was empty.

Dungeon Overview and Level Annotations

Branches:
Dungeon (1/15)

Altars:


Innate Abilities, Weirdness & Mutations

You cannot be hasted, slowed, berserked, paralysed or teleported.
You can dig through walls and to a lower floor.
You have a pair of large antennae on your head. (SInv)
Your four strong arms can wield two-handed weapons with a shield.


Message History

The kobold closely misses you.
You barely miss the kobold.
The kobold is moderately wounded.
The kobold barely misses you.
You hit the kobold.
The kobold is severely wounded.
The kobold hits you but does no damage.
You barely miss the kobold.
The kobold is severely wounded.
The kobold misses you. The kobold barely misses you.
You miss the kobold.
The kobold is severely wounded.
The kobold closely misses you. The kobold hits you with a +0 club.
The ball python bites you but does no damage.
The ball python grabs you. The ball python constricts you.
You hit the ball python but do no damage.
The kobold barely misses you. The ball python bites you.
The ball python constricts you. The kobold hits you but does no damage.
You escape the ball python's grasp.
Things that are here:
a +0 dagger; a kobold corpse You are too injured to fight recklessly!
You are too injured to fight recklessly!
You barely miss the kobold. The kobold closely misses you.
You barely miss the kobold. The kobold barely misses you.
Okay, then.
Unknown command.
Unknown command.
Unknown command.
Okay, then.
Unknown command.
It was a potion of curing.
You feel better.
The kobold hits you with a +2 dagger of distortion.
Space bends around you.
You barely miss the kobold. The kobold misses you.
You closely miss the kobold. The kobold completely misses you.
You completely miss the kobold.
The kobold hits you with a +2 dagger of distortion.
Space warps horribly around you!
You die...

#...#...........†.# .# #
.........#.######.# .# ..
.......#..........###.##.#..
.?.......#.######...........
......#.##.######.....##...♣♣
##.## #.##............# ....
##.##########†...###..♣♣
###...#######.......##...♣♣
#...#.....@KSK......##..P..
#.#...#######.......).....P
#.#.##......# ###...........$
#.#.#######.####.......##..##
##.#.# #........#####....##
###.....#####.######.# #.####
.#.# #..##^.).# #. #..
#...##.......## #. #.##
#..#.......### # #. #.#


You could see a ball python and 2 kobolds.

Vanquished Creatures
  3 ball pythons (D:1)
  A bat (D:1)
  A kobold (D:1)
5 creatures vanquished.

Vanquished Creatures (others)
  3 fungi (D:1)
  2 plants (D:1)
5 creatures vanquished.

Grand Total: 10 creatures vanquished

Notes
Turn   | Place    | Note
-------+----------+-------------------------------------------
     0 | Abyss:1  | porpoise the Formicid Abyssal Knight began the quest for
                  | the Orb.
     0 | Abyss:1  | Reached XP level 1. HP: 18/18 MP: 2/2
    12 | D:1      | Escaped the Abyss
   217 | D:1      | Slain by a kobold

Illustrated notes

Levels and vault maps discovered:
D:1:      dpeg_arrival_long_road, layout_loops_ring,
          dreamdust_ecumenical_altar_grove, minmay_misc_feat_doors,
          minmay_octomino_c4

Action                   || total
-------------------------++-------
Melee: Spear             ||    32
  Use: Potion            ||     1
Armor: Leather armour    ||     9
Dodge: Dodged            ||    17
